 Dungeon Crawl Stone Soup version 0.30-a0-451-ge042605de7 (webtiles) character file.

Game seed: 13527254062058316589

39 bande the Shield-Bearer (level 3, -1/23 HPs)
             Began as a Gargoyle Fighter on Dec 12, 2022.
             Slain by Sigmund
             ... wielding a +0 scythe
              (2 damage)
             ... on level 2 of the Dungeon.
             The game lasted 00:02:05 (1150 turns).

bande the Shield-Bearer (Gargoyle Fighter)          Turns: 1150, Time: 00:02:05

Health: -1/23      AC: 10    Str: 19    XL:     3   Next: 47%
Magic:  3/3        EV:  9    Int:  8    God:
Gold:   30         SH:  0    Dex: 11    Spells: 2/2 levels left

rFire   . . .      SeeInvis .    a - +0 war axe
rCold   . . .      Faith    .    (no shield)
rNeg    + . .      Spirit   .    b - +0 scale mail
rPois   ∞          Reflect  .    (no helmet)
rElec   +          Harm     .    (no cloak)
rCorr   .          Rampage  .    (no gloves)
Will    .....                    (no boots)
Stlth   ..........               (no amulet)
HPRegen 0.23/turn                (no ring)
MPRegen 0.08/turn                (no ring)

@: no status effects
A: sickness immunity, AC +3, negative energy resistance 1, electricity
resistance, torment resistance 1, petrification resistance
a: no special abilities


You were on level 2 of the Dungeon.
You visited 1 branch of the dungeon, and saw 2 of its levels.

You collected 30 gold pieces.

Inventory:

Hand Weapons
 a - a +0 war axe (weapon)
Armour
 b - a +0 scale mail (worn)
 c - a +0 buckler
 l - an orb of light
Scrolls
 e - a scroll of silence {unknown}
 f - a scroll of poison {unknown}
 h - a scroll of identify {unknown}
 i - 2 scrolls of teleportation {unknown}
 j - a scroll of amnesia {unknown}
 k - 2 scrolls of blinking {unknown}
 o - a scroll of brand weapon {unknown}
Potions
 d - a potion of might
 g - a potion of curing {unknown}
 m - a potion of attraction {unknown}
 n - 2 potions of resistance {unknown}
 p - 2 potions of heal wounds {unknown}
 q - a potion of berserk rage {unknown}


   Skills:
 + Level 3.6 Fighting
 + Level 2.4 Axes
 + Level 3.6 Armour
 + Level 3.8 Shields


You had 2 spell levels left.
You didn't know any spells.
Your spell library contained the following spells:

 Spells                   Type           Power      Damage    Failure   Level
 Necrotise                Necr           0%         1d4       77%         1
 Ignite Poison            Fire/Tmut/Pois 0%         N/A       98%         3
 Kindle Blastsparks       Fire/Tloc/Air  0%         2d10      98%         3
 Vampiric Draining        Necr           0%         2d6       98%         3
 Agony                    Necr           0%         N/A       100%        5
 Freezing Cloud           Conj/Ice/Air   0%         6-21      100%        5


Dungeon Overview and Level Annotations

Branches:
Dungeon (2/15)

Altars:

Annotations:
D:2 Sigmund


Innate Abilities, Weirdness & Mutations

You are immune to sickness and miasma.
Your stone body is resilient. (AC +3)
You are immune to poison.
You resist negative energy. (rN+)
You are resistant to electric shocks. (rElec)
You are resistant to unholy torment.
You are immune to petrification.


Message History

Sigmund gestures at you while chanting.
You are more confused.
Unknown command.
You're too confused to move!
Sigmund gestures at you while chanting. You resist with significant effort.
You're too confused to move!
Sigmund hits you with a +0 scythe.
Unknown command.
You closely miss Sigmund.
Sigmund is moderately wounded.
Sigmund barely misses you.
Unknown command.
Sigmund attacks as you move away! Sigmund closely misses you.
You bump into the rock wall.
Sigmund points at you and mumbles some strange words.
You resist with significant effort.
You bump into the rock wall.
Sigmund hits you but does no damage. Sigmund completely misses you.
Sigmund gestures wildly while chanting.
Sigmund flickers and vanishes!
Deactivating autopickup; reactivate with Ctrl-A.
You're too confused to move!
A magic dart appears from out of thin air!
The magic dart hits you. Something hits you!
Keep disrobing?
You start removing your armour.
You continue taking off your +0 buckler.
You hear some strange, mumbled words.
Something tries to affect you, but you resist.
You continue taking off your +0 buckler.
Something hits you but does no damage.
You continue taking off your +0 buckler. x2
You feel less confused. Something hits you!
* * * LOW HITPOINT WARNING * * *
You finish taking off your +0 buckler.
Unknown command.
Something hits you.
You die...

#.###########.#
#.#
#######.#### #
#.#
#........... #.
#.#
#.#####.#### #
#. #.# #.#
#.##.##.#####.#
#.#
#......#<....#
#.#
#...>....#####
#.#
##....@{.......
..#
+..###.#.######
### ##. #.#.# #
#.#.# #.#.#
#.#.# #.#.# #..


There were no monsters in sight!

Vanquished Creatures
  3 dart slugs (D:1)
  6 endoplasms
  4 hobgoblins
  5 quokkas
  A ball python (D:2)
  2 frilled lizards
  2 goblins (D:2)
  3 kobolds (D:1)
  5 rats (D:1)
31 creatures vanquished.

Notes
Turn   | Place    | Note
-------+----------+-------------------------------------------
     0 | D:1      | bande the Gargoyle Fighter began the quest for the Orb.
     0 | D:1      | Reached XP level 1. HP: 14/14 MP: 1/1
    78 | D:1      | Reached XP level 2. HP: 19/19 MP: 2/2
   331 | D:1      | Found a faded altar of an unknown god.
   498 | D:1      | Reached XP level 3. HP: 14/23 MP: 3/3
  1128 | D:2      | Noticed Sigmund
  1149 | D:2      | HP: 1/23 [something (8)]
  1150 | D:2      | Slain by Sigmund

Illustrated notes

Levels and vault maps discovered:
D:1:      onia_arrival_handbag, layout_loops_cross,
          shapermc_ecumenical_altar_mp_urbaneastern
D:2:      layout_loops_ring, kennysheep_another_room, uniq_sigmund, uniq_natasha

Skill      XL: |  1  2 |
---------------+-------+-----
Axes           | 2 |  2.4
Fighting       | |  3.6
Armour         | |  3.6
Shields        | |  3.8

Action                   || total
-------------------------++-------
Melee: War axe           ||   102
Armor: Scale mail        ||    55
Dodge: Dodged            ||    42
Block: Buckler           ||    24

Table legend: (Time is in decaauts)
 A = Elapsed time spent in this place.
 B = Non-inter-level travel time spent in this place.
 C = Inter-level travel time spent in this place.
 D = Time resting spent in this place.
 E = Time spent auto-exploring this place.
 F = Levels seen in this place.
 G = Mean time per level.
                   A        B        C        D        E       F      G
               +--------+--------+--------+--------+--------+-----+--------+
         Total |   1194 |   1194 |      0 |      0 |    884 |   2 |  597.0 |
       Dungeon |   1194 |   1194 |      0 |      0 |    884 |   2 |  597.0 |
               +--------+--------+--------+--------+--------+-----+--------+

Top non-repeatable levels by time:
     D:1: 776 daAuts
     D:2: 417 daAuts
